Map: Bridgehead LE (Void)

Players

Tyrion

  • Race: Protoss Protoss
  • League: Grandmaster

wabbajack - Winner!

  • Race: Zerg Zerg
  • League: Gold

VOD

Have the link to the VOD?

Description

Time

  • Played on: July 19, 2015, 6:33 p.m.
  • Length: 6:22
Show
View Real Time Build Order
Export as new Build Order

Tyrion Protoss 

Build Orders:  

Get SALT Encoding   

  12  0:01  Probe  
  13  0:15  Pylon  
  13  0:17  Probe  
  14  0:33  Probe  
  14  0:34  Gateway  
  15  0:45  Probe (Chrono Boost)  
  16  0:57  Probe (Chrono Boost)  
  16  0:59  Assimilator  
  17  1:04  Pylon  
  17  1:06  Probe (Chrono Boost)  
  18  1:14  Probe  
  18  1:26  Probe  
  19  1:36  Cybernetics Core  
  19  1:38  Probe (Chrono Boost)  
  20  1:45  Zealot  
  22  1:50  Probe (Chrono Boost)  
  23  1:57  Nexus  
  23  2:08  Probe (Chrono Boost)  
  24  2:15  Assimilator  
  24  2:17  Probe (Chrono Boost)  
  25  2:25  Probe (Chrono Boost)  
  26  2:32  Pylon  
  26  2:35  Probe (Chrono Boost)  
  27  2:39  Stalker (Chrono Boost)  
  29  2:51  Mothership Core  
  31  3:17  Probe  
  32  3:26  Stalker (Chrono Boost)  
  34  3:29  Probe  
  34  3:30  Probe  
  36  3:41  Probe  
  37  3:42  Probe  
  37  3:48  Robotics Facility  
  38  3:49  Sentry  
  38  3:50  Gateway  
  38  3:55  Probe (Chrono Boost)  
  42  3:57  Probe (Chrono Boost)  
  42  3:58  Gateway  
  42  4:02  Pylon  
  42  4:06  Probe (Chrono Boost)  
  42  4:08  Probe (Chrono Boost)  
  42  4:09  Warp Gate (Chrono Boost)  
  44  4:10  Assimilator  
  44  4:12  Probe, Assimilator  
  44  4:13  Pylon  
  45  4:24  Probe (Chrono Boost), Forge  
  47  4:28  Probe (Chrono Boost)  
  47  4:35  Probe (Chrono Boost)  
  47  4:38  Probe (Chrono Boost)  
  49  4:41  Probe  
  40  4:53  Probe  
  23  5:18  Probe (Chrono Boost)  
  23  5:22  Sentry x3  
  23  5:27  Probe (Chrono Boost)  
  31  5:31  Probe (Chrono Boost)  
  31  5:35  Probe (Chrono Boost)  
  33  5:44  Probe x2 (Chrono Boost)  
  33  5:48  Sentry  
  36  5:52  Probe x2  
  36  5:53  Robotics Bay  
  39  6:04  Probe (Chrono Boost)  
Show
View Real Time Build Order
Export as new Build Order

wabbajack Zerg - Winner!

Build Orders: Pool First 

Get SALT Encoding   

  12  0:01  Drone  
  13  0:08  Drone  
  14  0:18  Overlord  
  14  0:27  Extractor  
  14  0:28  Drone  
  14  0:29  Drone, Extractor  
  16  0:45  Spawning Pool  
  16  0:47  Extractor  
  16  0:48  Drone  
  15  0:52  Drone  
  17  1:11  Drone x2  
  17  1:16  Drone  
  19  1:32  Queen  
  19  1:38  Drone  
  22  1:44  Extractor  
  22  1:45  Zergling x2  
  22  1:50  Overlord  
  23  2:00  Hatchery  
  22  2:09  Metabolic Boost  
  22  2:46  Pneumatized Carapace, Spine Crawler x2  
  20  3:16  Queen  
  21  3:26  Zergling x8  
  26  3:27  Zergling x8  
  29  3:38  Overlord  
  29  3:56  Baneling Nest  
  28  4:05  Drone x9  
  28  4:06  Drone x2  
  39  4:17  Roach Warren, Extractor  
  37  4:48  Zergling x4  
  39  4:53  Zergling x4  
  39  4:54  Zergling x4  
  35  5:23  Baneling x4  
  35  5:27  Baneling x3  
  35  5:28  Baneling  
  35  5:32  Baneling x3  
  35  5:33  Baneling  
  35  5:34  Overlord x2  
  35  5:37  Drone x7  
  35  5:39  Overlord x2  
  35  5:40  Queen  
  44  5:43  Extractor  
  44  5:45  Extractor  
Tags
 
Add a new tag
Caveats
  • Supply blocks, unpowered buildings, or Contaminate may cause inaccurate times.
  • Supply counts are checked every 10 seconds.